 Dungeon Crawl Stone Soup version 0.26.1-2-gb8aa6d0cf2 (webtiles) character file.

Game seed: 17867645607893905421

123 Descartes the Conjurer (level 4, -1/24 HPs)
             Began as a Deep Elf Wanderer on Mar 19, 2021.
             Slain by an orc
             ... wielding a +0 flail
              (6 damage)
             ... on level 3 of the Dungeon on Mar 20, 2021.
             The game lasted 00:08:25 (4095 turns).

Descartes the Conjurer (Deep Elf Wanderer)          Turns: 4095, Time: 00:08:26

Health: -1/24      AC:  2    Str:  7    XL:     4   Next: 80%
Magic:  2/12       EV: 11    Int: 20    God:
Gold:   86         SH:  0    Dex: 14    Spells: 10/11 levels left

rFire    . . .     SeeInvis .   a - +0 dagger
rCold    . . .     Faith    .   (no shield)
rNeg     . . .     Spirit   .   d - +0 robe
rPois    .         Reflect  .   (no helmet)
rElec    .         Harm     .   (no cloak)
rCorr    .         Rampage  .   (no gloves)
Will     .....                  (no boots)
Stlth    +++.......             (no amulet)
HPRegen  0.08/turn              p - ring of stealth
MPRegen  0.13/turn              (no ring)

@: no status effects
A: no striking features
a: no special abilities


You were on level 3 of the Dungeon.
You visited 1 branch of the dungeon, and saw 3 of its levels.

You collected 86 gold pieces.

Inventory:

Hand Weapons
 a - a +0 dagger (weapon)
Missiles
 m - 93 arrows
 n - 4 stones
 o - a throwing net
 r - 4 atropa-tipped darts
 u - 10 sling bullets
Armour
 d - a +0 robe (worn)
Jewellery
 p - a ring of stealth (left hand)
Scrolls
 e - 2 scrolls of enchant weapon {unknown}
 g - a scroll of amnesia {unknown}
 j - 3 scrolls of identify {unknown}
 l - 2 scrolls of teleportation {unknown}
 t - a scroll of remove curse {unknown}
Potions
 b - 2 potions of lignification
 c - 2 potions of curing
 f - 2 potions of heal wounds {unknown}
 h - 3 potions of might {unknown}
 i - a potion of flight {unknown}
 k - a potion of attraction {unknown}
 q - a potion of invisibility {unknown}
 s - a potion of cancellation {unknown}


   Skills:
 - Level 1.2 Stealth
 - Level 4.4 Spellcasting
 + Level 5.0 Conjurations
 - Level 2.6 Hexes
 - Level 3.0 Air Magic
 - Level 1.1 Evocations


You had 10 spell levels left.
You knew the following spells:

 Your Spells              Type           Power        Failure   Level
a - Magic Dart            Conj           96%          1%          1

Your spell library contained the following spells:

 Spells                   Type           Power        Failure   Level
 Slow                     Hex            15%          6%          2
 Mephitic Cloud           Conj/Pois/Air  15%          12%         3
 Conjure Flame            Conj/Fire      14%          13%         3
 Blink                    Tloc           N/A          19%         2
 Call Imp                 Summ           4%           19%         2


Dungeon Overview and Level Annotations

Branches:
Dungeon (3/15)

Altars:


Message History

The quokka misses you. The orc hits you with a +0 hand axe.
* * * LOW HITPOINT WARNING * * *
Casting: Magic Dart (safe; 1% risk of failure)
Confirm with . or Enter, or press ? or * to list all spells.
Aiming: Magic Dart (safe; 1% risk of failure)
Press: ? - help, Shift-Dir - straight line, f/p - orc
Aim: an orc, wielding a +0 hand axe and wearing a +1 ring mail of willpower (lightly wounded, 0% to evade)
The magic dart hits the orc.
The orc is heavily wounded.
The bat misses you. The quokka barely misses you. The orc closely misses you.
The orc barely misses you. The quokka barely misses you.
Casting: Magic Dart (safe; 1% risk of failure)
Confirm with . or Enter, or press ? or * to list all spells.
Aiming: Magic Dart (safe; 1% risk of failure)
Press: ? - help, Shift-Dir - straight line, f/p - orc
Aim: an orc, wielding a +0 hand axe and wearing a +1 ring mail of willpower (heavily wounded, 0% to evade)
The magic dart hits the orc!
You kill the orc!
The bat barely misses you. x2; The orc hits you with a +0 flail.
You die...

#.##.....# #..# #..#.....#
#..# #.#.....####### #..#
#..#..........#. #..###
##.#..........#. ##.†...
#............#.######
#<#.###
##...........#......###...#
# #.........or#............#
#
##.##.#...)@#......###...###
#..#.#....b#...............
##.#.#.....#......##.......
#...#.($..#......###......
##..#.....#...............
#..#.....#......###.)....
#..#######......# #......
##.## #......# #.##### #..#
#......# #.#...#


You could see an orc, a quokka and a bat.

Vanquished Creatures
  4 adders
  3 gnolls (D:2)
  A dart slug (D:1)
  2 leopard geckos
  3 orcs (D:3)
  9 bats
  2 giant cockroaches
  4 goblins
  6 hobgoblins
  4 kobolds
  2 quokkas (D:2)
  A ball python (D:3)
  4 frilled lizards
  11 rats
  A bush (D:1)
57 creatures vanquished.

Notes
Turn   | Place    | Note
-------+----------+-------------------------------------------
     0 | D:1      | Descartes the Deep Elf Wanderer began the quest for the
                  | Orb.
     0 | D:1      | Descartes set off with the following items: a +0 dagger, a
                  | potion of lignification, a potion of curing, a +0 robe; and
                  | the following spell memorised: Magic Dart; and the
                  | following spells available to memorise: Slow, Blink, Call
                  | Imp, Mephitic Cloud, Conjure Flame
     0 | D:1      | Reached XP level 1. HP: 10/10 MP: 7/7
   263 | D:1      | Reached skill level 1 in Conjurations
  1450 | D:1      | Reached XP level 2. HP: 14/15 MP: 5/9
  1452 | D:1      | Reached skill level 2 in Conjurations
  2261 | D:2      | Reached skill level 3 in Conjurations
  2261 | D:2      | Reached XP level 3. HP: 4/19 MP: 1/10
  3000 | D:2      | Reached skill level 4 in Conjurations
  3056 | D:2      | Reached XP level 4. HP: 24/24 MP: 4/12
  4091 | D:3      | Reached skill level 5 in Conjurations
  4095 | D:3      | Slain by an orc

Illustrated notes

Levels and vault maps discovered:
D:1:      eino_arrival_water_star, layout_loops_ring, serial_forest,
          infiniplex_forest_clump_medium, infiniplex_forest_lined_room_2,
          infiniplex_forest_zigzag_1, infiniplex_forest_lined_room_2,
          infiniplex_forest_straight_3, infiniplex_forest_split,
          infiniplex_forest_side_room
D:2:      layout_loops_ring
D:3:      layout_basic, old_standard_altar, st_stairs_6, roderic_lattice_a,
          uniq_robin

Skill      XL: |  1  2  3  4 |
---------------+-------------+-----
Conjurations   | 1 3 4 5 |  5.0
Stealth        | |  1.2
Spellcasting   | |  4.4
Hexes          | |  2.6
Air Magic      | |  3.0
Evocations     | |  1.1

Action                   |  1- 3 |  4- 6 || total
-------------------------+-------+-------++-------
Melee: Dagger            |   667 |       ||   667
 Cast: Magic Dart        |    86 |    49 ||   135
Armor: Robe              |     2 |    10 ||    12
Dodge: Dodged            |    13 |    24 ||    37
